Map: King's Cove LE

Players

Rendodo - Winner!

  • Race: Zerg Zerg
  • League: Diamond
  • Spawn Location: 11:00

PeLLy

  • Race: Zerg Zerg
  • League: Diamond
  • Spawn Location: 5:00

VOD

Have the link to the VOD?

Description

Time

  • Played on: Aug. 6, 2019, 5:13 p.m.
  • Length: 8:04
Show
View Real Time Build Order
Export as new Build Order

Rendodo Zerg - Winner!

Build Orders: Pool First 

Get SALT Encoding   

  12  0:01  Drone  
  13  0:10  Drone  
  14  0:17  Overlord  
  14  0:37  Drone x3  
  14  0:40  Extractor  
  16  0:53  Spawning Pool  
  16  0:55  Drone  
  16  1:04  Drone  
  17  1:13  Drone  
  18  1:30  Hatchery  
  17  1:42  Zergling x6  
  17  1:45  Metabolic Boost  
  20  1:57  Queen  
  22  2:12  Overlord x2  
  22  2:36  Drone x2  
  23  2:47  Zergling x2  
  23  2:48  Zergling x4  
  23  2:51  Queen  
  26  2:57  Queen  
  30  3:02  Extractor  
  29  3:06  Roach Warren  
  27  3:22  Zergling x10  
  31  3:49  Drone x5  
  36  4:00  Drone x4  
  40  4:23  Drone x3  
  43  4:29  Spine Crawler  
  37  4:45  Spine Crawler  
  37  4:46  Spine Crawler  
  37  4:49  Roach x4  
  39  5:20  Zergling x6  
  39  5:21  Zergling x4  
  44  5:40  Spine Crawler  
  43  5:44  Spine Crawler  
  43  5:46  Overlord x3  
  43  5:47  Overlord x2  
  42  5:50  Lair  
  42  6:16  Roach x6  
  52  6:34  Roach x4  
  51  6:43  Roach  
  51  6:44  Roach  
  51  6:46  Drone  
  54  6:52  Drone  
  54  6:53  Drone  
  56  6:56  Drone  
  57  7:11  Drone  
  57  7:12  Drone x2  
  57  7:14  Drone  
  61  7:25  Ravager x5  
  61  7:26  Ravager  
  61  7:29  Drone x3  
Show
View Real Time Build Order
Export as new Build Order

PeLLy Zerg 

Build Orders: Hatch First, Zergling Baneling 

Get SALT Encoding   

  12  0:00  Drone  
  13  0:13  Overlord  
  13  0:20  Drone  
  14  0:32  Drone  
  14  0:33  Drone  
  16  0:36  Drone  
  17  0:56  Hatchery  
  16  0:58  Drone  
  17  1:04  Drone  
  17  1:05  Extractor  
  17  1:19  Spawning Pool  
  17  1:21  Drone  
  17  1:23  Drone  
  18  1:30  Drone  
  19  1:41  Overlord  
  19  2:06  Queen  
  19  2:08  Queen  
  23  2:10  Zergling x2  
  23  2:11  Zergling x4  
  26  2:17  Zergling x2, Spine Crawler  
  26  2:21  Metabolic Boost  
  26  2:31  Zergling x4  
  28  2:44  Zergling x6  
  32  2:58  Drone x3  
  34  3:06  Drone x2  
  34  3:09  Baneling Nest  
  31  3:24  Zergling x10  
  31  3:54  Baneling x8  
  31  3:56  Zergling x10  
  31  3:58  Overlord  
  36  4:10  Overlord x2  
  36  4:17  Drone x4  
  39  4:36  Zergling x12  
  45  4:48  Baneling x5  
  45  4:59  Zergling x10  
  39  5:24  Zergling x12  
  41  5:53  Hatchery  
  40  6:03  Drone x6  
  46  6:07  Lair  
  46  6:12  Drone x7, Extractor  
  46  6:14  Extractor  
  51  6:30  Zergling x2  
  51  6:31  Zergling x4  
  50  6:33  Queen  
  50  6:38  Drone x2  
  51  6:57  Drone x6  
  57  7:05  Hatchery  
  57  7:07  Evolution Chamber x2  
  54  7:10  Drone x2  
  56  7:19  Drone  
  57  7:32  Extractor  
  57  7:36  Zergling x10  
  58  7:40  Overlord  
Tags
 
Add a new tag
Caveats
  • Supply blocks, unpowered buildings, or Contaminate may cause inaccurate times.
  • Supply counts are checked every 10 seconds.